AoeStats
← WILL.I.AM

Arabian Desert

509509820Analyzed
1v1 RM · 6d ago on Sep 27, 2026· 55m 13s· 2 players
Game mode
Random Map
Map size
Tiny (2 player)
Population
200
Speed
Normal
Resources
Standard
Victory
Conquest
Starting age
Dark Age
Ending age
Imperial Age
RankedLock teamsTeams togetherTeam positionsShared explorationLock speedFull tech treeHidden civsTurbo modeCheats
Victory
Defeat
🇺🇸 Huns · United States
1229
+17
🇳🇿 Ethiopians · New Zealand
1253
-17
Mr. Zapata
3:17 Loom
10:20 Feudal Age
11:10 Double-Bit Axe
14:08 Forging
16:34 Horse Collar
19:13 Bloodlines
19:47 Scale Barding Armor
22:33 Fletching
28:32 Castle Age
28:36 Light Cavalry
29:16 Husbandry
32:32 Elite Skirmisher
34:04 Wheelbarrow
36:08 Fervor
38:12 Hand Cart
37:44 Town Watch
38:05 Heavy Plow
38:18 Thumb Ring
39:14 Gold Mining
40:25 Town Patrol
41:06 Sanctity
41:59 Gold Shaft Mining
42:29 Bodkin Arrow
43:22 Padded Archer Armor
44:56 Ballistics
48:27 Imperial Age
46:19 Leather Archer Armor
48:22 Bow Saw
49:34 Parthian Tactics
48:30 Heavy Cavalry Archer
49:12 Bracer
50:17 Chemistry
50:46 Hussar
51:43 Scale Mail Armor
52:06 Chain Barding Armor
52:22 Iron Casting
54:26 Conscription
WILL.I.AM
11:04 Feudal Age
13:31 Double-Bit Axe
18:05 Horse Collar
18:18 Gold Mining
22:08 Fletching
23:43 Padded Archer Armor
24:16 Scale Barding Armor
24:13 Scale Mail Armor
24:11 Loom
25:06 Wheelbarrow
28:53 Castle Age
29:04 Crossbowman
30:06 Bodkin Arrow
33:37 Squires
38:01 Chain Mail Armor
37:55 Town Watch
40:24 Leather Archer Armor
42:40 Stone Mining
42:53 Heavy Plow
43:04 Bow Saw
43:14 Thumb Ring
47:55 Imperial Age
47:57 Ballistics
48:39 Bracer
48:39 Arbalester
51:55 Chemistry
52:56 Light Cavalry
53:37 Husbandry
54:13 Ring Archer Armor
Connection lost

Rejoining the realm…

Still unreachable

The connection could not be restored.

Session expired

The server has moved on; the page needs a fresh start.